 Dungeon Crawl Stone Soup version 0.29.1-12-g30fa7ad0bf (webtiles) character file.

Game seed: 9627661406612586635

207 Romesagentofchaos the Covert (level 5, 0/35 HPs)
             Began as an Octopode Brigand on Jan 10, 2023.
             Slain by a hobgoblin (4 damage)
             ... led by Robin
             ... on level 2 of the Dungeon.
             The game lasted 00:04:39 (1669 turns).

Romesagentofchaos the Covert (Octopode Brigand)     Turns: 1669, Time: 00:04:39

Health: 0/35       AC:  1    Str: 10    XL:     5   Next: 85%
Magic:  5/5        EV: 13    Int: 13    God:
Gold:   69         SH:  0    Dex: 16    Spells: 4/4 levels left

rFire   . . .      SeeInvis .   g - +2 dagger (freeze)
rCold   . . .      Faith    .   (no shield)
rNeg    . . .      Spirit   .   (helmet restricted)
rPois   .          Reflect  .   (no amulet)
rElec   .          Harm     .   (no ring)
rCorr   .          Rampage  .   (no ring)
Will    .....                   (no ring)
Stlth   +++++.....              (no ring)
HPRegen 0.11/turn               (no ring)
MPRegen 0.09/turn               (no ring)
                                (no ring)
                                (no ring)

@: no status effects
A: almost no armour, amphibious, 8 rings, camouflage 1, gelatinous body 1,
(nimble swimmer 1), tentacles
a: no special abilities


You were on level 2 of the Dungeon.
You visited 1 branch of the dungeon, and saw 2 of its levels.

You collected 69 gold pieces.

Inventory:

Hand Weapons
 a - a +2 dagger
 g - a +2 dagger of freezing (weapon)
Missiles
 b - 9 poisoned darts
 c - 3 curare-tipped darts
Scrolls
 f - a scroll of immolation
Potions
 e - a potion of resistance


   Skills:
 + Level 2.7 Fighting
 + Level 3.0 Short Blades
 + Level 2.3 Throwing
 + Level 1.6 Dodging
 + Level 8.0 Stealth


You had 4 spell levels left.
You didn't know any spells.
Your spell library contained the following spells:

 Spells                   Type           Power      Damage    Failure   Level
 Ensorcelled Hibernation  Hex/Ice        0%         N/A       43%         2
 Passwall                 Tmut/Erth      0%         N/A       43%         2
 Swiftness                Air            0%         N/A       67%         3


Dungeon Overview and Level Annotations

Branches:
Dungeon (2/15)

Altars:

Annotations:
D:2 Robin


Innate Abilities, Weirdness & Mutations

You cannot wear most types of armour.
You are amphibious.
You can wear up to eight rings at the same time.
Your skin changes colour to match your surroundings (Stealth+).
Your rubbery body absorbs attacks. (AC +1, EV +1)
((You are camouflaged when in or above water. (Stealth+)))
You have tentacles for arms and can constrict up to eight enemies at once.


Message History

The goblin hits your butterfly with a +0 club.
Your butterfly dies!
Your butterfly disappears in a burst of colours!
You closely miss the goblin. Your grab misses the goblin.
Your squeeze misses the goblin.
A hobgoblin comes into view.
The goblin hits you with a +0 dagger.
You barely miss the goblin. You grab the goblin. You constrict the goblin.
You hit the goblin. You freeze the goblin.
You kill the goblin!
A goblin comes into view. It is wielding a +0 club.
A hobgoblin comes into view.
The goblin hits you with a +0 club. Robin throws the goblin at you!
A goblin comes into view. It is wielding a +0 dagger.
The goblin completely misses you. The goblin closely misses you.
Robin closely misses you.
Things that are here:
a +0 dagger; a +0 dagger You barely miss the goblin.
Your grab misses the goblin. Your squeeze misses the goblin.
The hobgoblin barely misses you. The goblin hits you with a +0 dagger.
Robin hits you with a +0 whip.
* * * LOW HITPOINT WARNING * * *
The goblin barely misses you. The hobgoblin attacks as you move away!
The hobgoblin barely misses you. Robin completely misses you.
The goblin attacks as you move away! The goblin hits you with a +0 dagger.
* * * LOW HITPOINT WARNING * * *
Found 3 poisoned darts and a glowing yellow potion.
Robin throws the goblin at you!
* * * LOW HITPOINT WARNING * * *
You hit the hobgoblin but do no damage. Your grab misses the hobgoblin.
You squeeze the hobgoblin.
You kill the hobgoblin!
The hobgoblin completely misses you. The goblin hits you with a +0 dagger.
* * * LOW HITPOINT WARNING * * *
The goblin barely misses you. Robin completely misses you.
You hit the goblin. You freeze the goblin.
You kill the goblin!
The hobgoblin hits you.
You die...

..####.# #.. .......#
###.. .......# !.....
#......# ..b...
#..... (.....####...
....b....g.#
....b.gggg)##
.##b.@).).#
#..b.b.g)..#
#.bb...b...#
#..b.b.b.###
#........# ##########
#........# #........#
+........###[.......#
#........##.........#
##.......'........##


You could see Robin, a hobgoblin (strong) and 4 goblins.

Vanquished Creatures
  Sigmund (D:2)
  2 adders (D:2)
  A worm (D:2)
  A dart slug (D:2)
  A giant cockroach (D:1)
  8 goblins
  3 hobgoblins
  7 kobolds
  3 ball pythons
  6 bats (D:1)
  A frilled lizard (D:1)
  3 rats (D:1)
37 creatures vanquished.

Notes
Turn   | Place    | Note
-------+----------+-------------------------------------------
     0 | D:1      | Romesagentofchaos the Octopode Brigand began the quest for
                  | the Orb.
     0 | D:1      | Reached XP level 1. HP: 14/14 MP: 1/1
   125 | D:1      | Reached XP level 2. HP: 19/19 MP: 2/2
   223 | D:1      | Reached skill level 6 in Stealth
   639 | D:1      | Found a faded altar of an unknown god.
  1091 | D:2      | Reached XP level 3. HP: 24/24 MP: 3/3
  1414 | D:2      | Noticed Sigmund
  1428 | D:2      | Killed Sigmund
  1429 | D:2      | Reached skill level 8 in Stealth
  1429 | D:2      | Reached XP level 4. HP: 12/30 MP: 4/4
  1429 | D:2      | Reached XP level 5. HP: 14/35 MP: 5/5
  1651 | D:2      | Noticed Robin
  1669 | D:2      | Slain by a hobgoblin

Illustrated notes

Levels and vault maps discovered:
D:1:      mrwooster_arrival_statue, layout_basic,
          chequers_ecumenical_altar_simple
D:2:      layout_basic, basic_altar, minmay_tetromino_o4, uniq_robin,
          uniq_sigmund

Skill      XL: |  1  2  3 |
---------------+----------+-----
Stealth        | 6 8 |  8.0
Short Blades   | 3 |  3.0
Fighting       | |  2.7
Throwing       | |  2.3
Dodging        | |  1.6

Action                   |  1- 3 |  4- 6 || total
-------------------------+-------+-------++-------
Melee: Dagger            |    75 |    14 ||    89
       Tentacles         |    11 |     2 ||    13
       Constrict         |     9 |     2 ||    11
       Punch             |     1 |       ||     1
Throw: Dart              |     2 |       ||     2
  Use: Scroll            |     5 |     1 ||     6
       Potion            |     1 |       ||     1
 Stab: Sleeping          |     9 |       ||     9
Armor: Skin              |    21 |     3 ||    24
Dodge: Dodged            |    28 |    19 ||    47
